Map: Pillars of Gold LE

Players

Suhinho

  • Race: Zerg Zerg
  • League: Diamond
  • Spawn Location: 1:00

Munte - Winner!

  • Race: Zerg Zerg
  • Spawn Location: 7:00

VOD

Have the link to the VOD?

Description

Yes

Time

  • Played on: Aug. 22, 2020, 1:40 a.m.
  • Length: 14:22
Show
View Real Time Build Order
Export as new Build Order

Suhinho Zerg 

Build Orders: Hatch First 

Get SALT Encoding   

  12  0:00  Drone  
  13  0:13  Overlord  
  13  0:19  Drone  
  14  0:33  Drone x2  
  16  0:50  Hatchery  
  15  1:00  Drone  
  15  1:01  Drone x2  
  18  1:10  Extractor  
  17  1:18  Spawning Pool  
  16  1:21  Drone  
  16  1:24  Drone  
  18  1:42  Drone  
  19  1:59  Overlord  
  19  2:04  Queen  
  19  2:06  Queen  
  19  2:07  Zergling x2  
  19  2:08  Zergling x2  
  25  2:09  Drone  
  25  2:14  Drone  
  27  2:18  Metabolic Boost  
  27  2:22  Drone  
  28  2:25  Drone  
  28  2:28  Drone  
  30  2:47  Hatchery  
  29  2:58  Baneling Nest  
  28  3:05  Overlord  
  28  3:13  Overlord  
  28  3:25  Zergling x4  
  28  3:26  Drone x2  
  32  3:27  Drone  
  32  3:28  Drone  
  32  3:29  Zergling x4  
  32  3:34  Zergling x6  
  37  3:42  Zergling x4  
  37  3:43  Zergling x2  
  31  4:00  Baneling  
  29  4:10  Zergling x8  
  29  4:11  Zergling x8  
  32  4:17  Zergling x2  
  32  4:18  Zergling x2  
  32  4:20  Queen  
  36  4:30  Baneling x4  
  36  4:33  Drone x3  
  39  4:48  Drone x5  
  39  4:49  Drone  
  45  4:56  Queen  
  47  5:09  Drone x3  
  50  5:20  Extractor, Roach Warren  
  48  5:22  Extractor  
  40  5:49  Spine Crawler, Overlord x2  
  39  6:02  Roach x5, Spine Crawler  
  39  6:03  Roach  
  39  6:04  Overlord x2  
  52  6:15  Roach x4  
  57  6:29  Roach x3  
  57  6:30  Roach  
  55  6:49  Roach  
  55  6:50  Roach x6  
  67  6:59  Overlord  
  67  7:00  Roach x2  
  71  7:04  Extractor  
  70  7:13  Drone x4  
  70  7:26  Drone x2  
  70  7:37  Queen  
  70  7:42  Queen  
  74  7:56  Roach x5  
  84  8:08  Overlord x2  
  84  8:19  Overlord  
  84  8:21  Lair  
  84  8:36  Hatchery, Drone x4  
  87  8:43  Evolution Chamber  
  87  8:45  Evolution Chamber  
  85  8:51  Drone x5  
  90  9:05  Queen  
  90  9:06  Overlord  
  90  9:07  Drone x2  
  94  9:13  Zerg Missile Weapons Level 1  
  94  9:35  Roach x4  
  94  9:36  Roach x3  
  108  9:39  Overlord  
  108  9:43  Zerg Ground Armor Level 1  
  108  9:58  Ravager x6  
  114  10:06  Drone x5  
  114  10:07  Drone x2  
  120  10:13  Spine Crawler  
  120  10:14  Extractor  
  119  10:22  Spore Crawler  
  119  10:26  Roach x2  
  119  10:27  Overlord  
  119  10:28  Overlord  
  122  10:29  Glial Reconstitution  
  122  10:51  Drone  
  122  10:52  Roach x5  
  122  10:53  Roach x2  
  137  10:59  Overlord  
  137  11:00  Overlord  
  137  11:17  Overlord  
  137  11:19  Zergling x2  
  137  11:20  Zergling x24  
  124  11:49  Roach x7  
  124  11:50  Roach x7  
  139  12:06  Roach  
  139  12:07  Roach x2  
  130  12:24  Roach  
  130  12:25  Roach x5  
  138  12:42  Roach  
  138  12:43  Roach x4  
  133  12:54  Roach x4  
  141  13:04  Roach x2  
  145  13:06  Overlord x2  
  145  13:21  Spine Crawler  
  144  13:38  Overlord  
  144  13:39  Overlord x5  
  102  13:54  Zergling x2  
  102  13:55  Zergling x22  
  64  14:04  Zergling x6  
Show
View Real Time Build Order
Export as new Build Order

Munte Zerg - Winner!

Build Orders: Hatch First 

Get SALT Encoding   

  12  0:00  Drone  
  13  0:13  Overlord  
  13  0:18  Drone  
  14  0:31  Drone x2  
  16  0:51  Hatchery  
  16  0:54  Drone  
  16  1:02  Drone  
  17  1:05  Extractor  
  16  1:15  Spawning Pool  
  16  1:18  Drone  
  16  1:22  Drone  
  17  1:29  Drone  
  17  1:31  Drone  
  19  1:40  Overlord  
  19  2:00  Drone  
  20  2:02  Queen  
  20  2:06  Metabolic Boost  
  22  2:09  Queen  
  22  2:12  Zergling x2  
  22  2:15  Zergling x2  
  26  2:19  Zergling x2  
  26  2:22  Zergling x2  
  28  2:26  Drone  
  28  2:29  Drone  
  30  2:35  Overlord  
  30  2:59  Queen  
  30  3:01  Drone x3  
  30  3:02  Zergling x4  
  37  3:08  Lair  
  37  3:19  Zergling x6  
  42  3:20  Zergling x4  
  42  3:25  Zergling x2  
  42  3:42  Zergling x2  
  42  3:45  Overlord  
  40  3:57  Zergling x4  
  40  3:58  Zergling x4  
  41  4:16  Zergling x2  
  41  4:17  Zergling x10  
  42  4:33  Roach Warren, Overlord  
  42  4:34  Overlord  
  41  4:40  Drone x2  
  41  4:44  Extractor  
  42  5:06  Queen  
  44  5:07  Queen  
  44  5:13  Roach  
  60  5:14  Roach x6  
  51  5:40  Roach  
  51  5:41  Roach x5  
  63  5:46  Glial Reconstitution  
  62  5:59  Roach  
  62  6:00  Roach  
  62  6:01  Overlord x2  
  66  6:24  Roach x8  
  82  6:35  Drone  
  82  6:36  Overlord x2  
  79  6:53  Roach x4  
  81  6:59  Drone x3  
  82  7:07  Roach x2  
  86  7:18  Roach x3  
  90  7:34  Roach x4  
  98  7:48  Drone x2  
  98  7:50  Overlord  
  100  7:52  Overlord  
  100  8:10  Drone x7  
  107  8:15  Extractor  
  107  8:18  Evolution Chamber  
  105  8:20  Evolution Chamber  
  104  8:39  Hatchery  
  103  8:49  Zerg Ground Armor Level 1, Zerg Missile Weapons Level 1  
  103  8:55  Extractor  
  102  9:08  Roach  
  102  9:09  Roach x2, Overlord  
  108  9:11  Overlord  
  108  9:26  Spore Crawler  
  108  9:27  Pneumatized Carapace  
  107  9:42  Drone  
  107  9:43  Drone x12  
  120  10:07  Overlord  
  120  10:09  Hatchery  
  120  10:10  Overlord  
  120  10:12  Overlord  
  119  10:22  Roach x3  
  119  10:23  Roach x2  
  129  10:38  Infestation Pit  
  128  10:43  Roach  
  128  10:44  Roach x6  
  142  10:55  Drone x4  
  146  10:57  Extractor  
  146  10:58  Drone x3  
  146  11:02  Zerg Ground Armor Level 2  
  148  11:06  Zerg Missile Weapons Level 2  
  148  11:22  Drone x3  
  148  11:23  Overlord x2  
  125  11:50  Roach x9  
  125  11:51  Roach x4  
  125  12:25  Roach x10  
  125  12:26  Roach x2  
  131  12:46  Roach  
  131  12:47  Roach x3  
  139  13:01  Roach x5  
  139  13:03  Ravager x3  
  139  13:04  Ravager x8  
  160  13:08  Roach x2  
  160  13:09  Roach, Overlord  
  160  13:10  Overlord  
  166  13:25  Roach x5  
  172  13:45  Roach x5  
  172  13:46  Roach x8  
  137  13:58  Roach  
  137  13:59  Roach x3  
Tags
 
Add a new tag
Caveats
  • Supply blocks, unpowered buildings, or Contaminate may cause inaccurate times.
  • Supply counts are checked every 10 seconds.